 Dungeon Crawl Stone Soup version 0.26-a0-771-g060e6a62af (webtiles) character file.

Game seed: 10383462848136186666

82 Conn the Firebug (level 4, -2/27 HPs)
             Began as an Octopode Fire Elementalist on Nov 8, 2020.
             Slain by a kobold
             ... wielding a +0 whip
              (8 damage)
             ... on level 2 of the Dungeon.
             The game lasted 00:05:17 (2414 turns).

Conn the Firebug (Octopode Fire Elementalist)       Turns: 2414, Time: 00:05:22

Health: -2/27      AC:  1    Str:  7    XL:     4   Next: 43%
Magic:  4/7        EV: 14    Int: 18    God:
Gold:   112        SH:  0    Dex: 12    Spells: 6/7 levels left

rFire    . . .     SeeInvis .   e - +1 dagger (drain)
rCold    . . .     Faith    .   (no shield)
rNeg     . . .     Spirit   .   (helmet restricted)
rPois    .         Reflect  .   (no amulet)
rElec    .         Harm     .   (no ring)
rCorr    .         Rampage  .   (no ring)
MR       .....                  (no ring)
Stlth    +++.......             (no ring)
HPRegen  0.09/turn              (no ring)
MPRegen  0.10/turn              (no ring)
                                (no ring)
                                (no ring)

@: lethally poisoned (-2 -> -6)
A: almost no armour, stealthy swim, amphibious, 8 rings, constrict 8, camouflage
1, gelatinous body 1
a: no special abilities


You were on level 2 of the Dungeon.
You visited 1 branch of the dungeon, and saw 3 of its levels.

You collected 112 gold pieces.

Inventory:

Hand Weapons
 c - a +0 dagger
 e - a +1 dagger of draining (weapon)
Missiles
 f - 9 boomerangs (quivered)
Scrolls
 a - 5 scrolls of remove curse {unknown}
 b - 3 scrolls of identify {unknown}
 d - 2 scrolls of blinking {unknown}
 g - 2 scrolls of fog {unknown}
 h - a scroll of magic mapping {unknown}
 j - a scroll of enchant armour {unknown}
 l - a scroll of teleportation {unknown}
Potions
 i - a potion of might {unknown}
 k - a potion of invisibility {unknown}


   Skills:
 + Level 0.3 Short Blades
 + Level 2.7 Dodging
 + Level 3.7 Stealth
 + Level 2.2 Spellcasting
 + Level 1.3 Conjurations
 + Level 3.9 Fire Magic


You had 6 spell levels left.
You knew the following spells:

 Your Spells              Type           Power        Failure   Level
a - Foxfire               Conj/Fire      ##..         6%          1

Your spell library contained the following spells:

 Spells                   Type           Power        Failure   Level
 Conjure Flame            Conj/Fire      ##......     19%         3
 Inner Flame              Hex/Fire       #.......     24%         3
 Sticky Flame             Conj/Fire      ##......     52%         4
 Fireball                 Conj/Fire      ##........   86%         5


Dungeon Overview and Level Annotations

Branches:
Dungeon (3/15)

Altars:


Innate Abilities, Weirdness & Mutations

You cannot wear most types of armour.
You are very stealthy in the water. (Stealth+)
You are amphibious.
You can wear up to eight rings at the same time.
You can use your tentacles to constrict eight enemies at once.
Your skin changes colour to match your surroundings (Stealth+).
Your rubbery body absorbs attacks. (AC +1, EV +1)


Message History

Casting: Foxfire (safe; 6% risk of failure)
Confirm with . or Enter, or press ? or * to list all spells.
You conjure some foxfire!
* * * LOW HITPOINT WARNING * * *
You feel sick. The adder misses you.
The foxfire hits the adder.
You kill the adder!
The foxfire hits the worm.
The worm is lightly wounded.
Unknown command.
Casting: Foxfire (safe; 6% risk of failure)
Confirm with . or Enter, or press ? or * to list all spells.
You conjure some foxfire!
The kobold misses you.
* * * LOW HITPOINT WARNING * * *
You feel sick.
The foxfire hits the kobold.
The kobold is moderately wounded.
The foxfire hits the kobold.
The kobold is severely wounded.
The kobold hits you with a +0 whip!
You die...

### ### #.###
#.########## #@Kw#
#..........#
#.#.###.#####.####
#.#.......# #.#
#..........#.# #.#
#.##.#####.....#.#
#.# #.#####.# #.#
#.# #.# #.# #.#
#.# ## #.# #.#


You could see a worm and a kobold.

Vanquished Creatures
  3 adders
  2 worms (D:2)
  2 dart slugs
  2 leopard geckos
  7 bats
  2 giant cockroaches (D:1)
  3 hobgoblins
  4 kobolds
  A quokka (D:2)
  A frilled lizard (D:1)
  10 goblins
  7 rats
44 creatures vanquished.

Vanquished Creatures (others)
  83 foxfires
83 creatures vanquished.

Grand Total: 127 creatures vanquished

Notes
Turn   | Place    | Note
-------+----------+-------------------------------------------
     0 | D:1      | Conn the Octopode Fire Elementalist began the quest for the
                  | Orb.
     0 | D:1      | Reached XP level 1. HP: 11/11 MP: 3/3
   248 | D:1      | Reached XP level 2. HP: 17/17 MP: 1/5
   909 | D:1      | Reached XP level 3. HP: 21/21 MP: 6/6
  1407 | D:2      | You fall into a shaft and drop 1 floor!
  1794 | D:2      | Reached XP level 4. HP: 11/27 MP: 7/7
  2414 | D:2      | Slain by a kobold

Illustrated notes

Levels and vault maps discovered:
D:1:      saegor_arrival_simple_c, layout_basic, minmay_misc_feat_nine_boxes,
          nrook_mini_backslash, ebering_dispersal_statue_hall,
          minmay_misc_feat_enclosed, hangedman_decor_points
D:2:      layout_basic, due_unseen_surprise
D:3:      layout_basic

Skill      XL: |  1  2 |
---------------+-------+-----
Stealth        | 3 |  3.7
Short Blades   | |  0.3
Dodging        | |  2.7
Spellcasting   | |  2.2
Conjurations   | |  1.3
Fire Magic     | |  3.9

Action                   |  1- 3 |  4- 6 || total
-------------------------+-------+-------++-------
Melee: Dagger            |    23 |    14 ||    37
       Constrict         |     5 |     4 ||     9
       Tentacles         |     2 |     1 ||     3
 Cast: Foxfire           |    35 |    12 ||    47
 Stab: Sleeping          |     4 |     3 ||     7
Armor: Skin              |     5 |     3 ||     8
Dodge: Dodged            |    15 |    15 ||    30

Table legend: (Time is in decaauts)
 A = Elapsed time spent in this place.
 B = Non-inter-level travel time spent in this place.
 C = Inter-level travel time spent in this place.
 D = Time resting spent in this place.
 E = Time spent auto-exploring this place.
 F = Levels seen in this place.
 G = Mean time per level.
                   A        B        C        D        E       F      G
               +--------+--------+--------+--------+--------+-----+--------+
         Total |   2412 |   2395 |     17 |    292 |   1544 |   3 |  804.0 |
       Dungeon |   2412 |   2395 |     17 |    292 |   1544 |   3 |  804.0 |
               +--------+--------+--------+--------+--------+-----+--------+

Top non-repeatable levels by time:
     D:1: 1294 daAuts
     D:2: 799 daAuts
     D:3: 318 daAuts
